 Dungeon Crawl Stone Soup version 0.31.0-11-ge490571c62 (webtiles) character file.

Game seed: 13901304958868584089

21165 browni3141 the Cleaver (level 12, -1/107 HPs)
             Began as a Minotaur Fighter on Jan 28, 2024.
             Was a High Priest of Okawaru.
             Slain by a komodo dragon (22 damage)
             ... on level 3 of the Lair of Beasts.
             The game lasted 00:06:18 (9230 turns).

browni3141 the Cleaver (Minotaur Fighter)           Turns: 9230, Time: 00:06:19

Health: -1/107     AC: 22    Str: 24    XL:     12   Next: 51%
Magic:  16/17      EV:  9    Int:  5    God:    Okawaru [*****.]
Gold:   568        SH: 13    Dex: 12    Spells: 11/11 levels left

rFire   . . .        L - +3 broad axe
rCold   + . .        j - +0 kite shield
rNeg    + . .        D - +0 plate armour
rPois   .            (helmet restricted)
rElec   .            (no cloak)
rCorr   .            (no gloves)
SInv    .            m - +0 pair of boots
Will    .....        v - amulet of regeneration Stlth
                     f - +4 ring of protection
HPRegen 1.17/turn    l - ring of positive energy
MPRegen 0.15/turn

%: no passive effects
@: heroic
A: horns 2, retaliatory headbutt, cold resistance 1
a: Renounce Religion, Heroism, Finesse, Duel


You were on level 3 of the Lair of Beasts.
You worshipped Okawaru.
Okawaru was extremely pleased with you.
You visited 3 branches of the dungeon, and saw 12 of its levels.
You also visited: Sewer.

You collected 568 gold pieces.

Inventory:

Hand Weapons
 a - a +0 war axe
 L - a +3 broad axe (weapon)
Missiles
 d - 2 boomerangs
 n - 3 silver javelins (quivered)
 y - a throwing net
 M - a javelin
Armour
 b - a +0 scale mail
 c - a +0 buckler
 j - a +0 kite shield (worn)
 m - a +0 pair of boots (worn)
 D - a +0 plate armour (worn)
Jewellery
 f - a +4 ring of protection (left hand)
 l - a ring of positive energy (right hand)
 u - a ring of protection from fire
 v - an amulet of regeneration (around neck)
 w - an amulet of the acrobat
 z - a ring of fire
 N - a +6 ring of strength
Wands
 B - a wand of light (29)
 E - a wand of paralysis (13)
 G - a wand of roots (4)
 K - a wand of flame (10)
Scrolls
 e - 2 scrolls of enchant armour
 g - 8 scrolls of teleportation
 q - a scroll of fog
 s - 4 scrolls of blinking
 x - 2 scrolls of poison
 F - 2 scrolls of amnesia
 I - a scroll of silence
 J - 2 scrolls of fear
Potions
 h - a potion of invisibility
 i - 5 potions of heal wounds {unknown}
 k - 2 potions of attraction {unknown}
 o - a potion of lignification {unknown}
 p - 2 potions of magic {unknown}
 r - 4 potions of haste {unknown}
 t - a potion of cancellation {unknown}
 A - 4 potions of curing {unknown}
 C - 2 potions of degeneration {unknown}
 H - 2 potions of brilliance {unknown}
 O - a potion of ambrosia {unknown}
 P - a potion of berserk rage {unknown}


   Skills:
 + Level 10.5(15.5) Fighting
 * Level 13.9(18.9) Axes
 + Level 7.2(12.2) Throwing
 + Level 10.4(15.4) Armour
 + Level 10.4(15.4) Shields
 - Level 8.0 Invocations


You had 11 spell levels left.
You didn't know any spells.
Your spell library contained the following spells:

 Spells                   Type           Power      Damage    Failure   Level
 Sandblast                Erth           0%         2d4       99%         1
 Sting                    Conj/Alch      0%         1d3       99%         1
 Blink                    Tloc           0%         N/A       100%        2
 Cigotuvi's Dreadful Rot  Necr/Alch/Air  0%         N/A       100%        2
 Lesser Beckoning         Tloc           0%         N/A       100%        2
 Mercury Vapours          Alch/Air       0%         N/A       100%        2
 Momentum Strike          Conj/Tloc      0%         3d8       100%        2
 Static Discharge         Conj/Air       0%         3-3/arc   100%        2
 Sublimation of Blood     Necr           0%         N/A       100%        2
 Gell's Gravitas          Tloc           0%         N/A       100%        3
 Inner Flame              Hex/Fire       0%         N/A       100%        3
 Passwall                 Erth           0%         N/A       100%        3
 Stone Arrow              Conj/Erth      0%         3d7       100%        3
 Teleport Other           Tloc           0%         N/A       100%        3
 Airstrike                Air            0%         2d(0-16)  100%        4
 Brom's Barrelling Bould  Conj/Erth      0%         2d3       100%        4
 Cause Fear               Hex            0%         N/A       100%        4
 Ignite Poison            Fire/Alch      0%         N/A       100%        4
 Olgreb's Toxic Radiance  Alch           0%         N/A       100%        4
 Fireball                 Conj/Fire      0%         3d3       100%        5
 Freezing Cloud           Conj/Ice/Air   0%         6-21      100%        5
 Irradiate                Conj/Alch      0%         3d11      100%        5
 Ignition                 Fire           0%         3d3       100%        8
 Call Imp                 Summ           Unusable   N/A       N/A         2
 Summon Lightning Spire   Summ/Air       Unusable   N/A       N/A         4
 Summon Forest            Summ/Tloc      Unusable   N/A       N/A         5
 Summon Mana Viper        Hex/Summ       Unusable   N/A       N/A         5
 Summon Cactus Giant      Summ           Unusable   N/A       N/A         6
 Summon Hydra             Summ           Unusable   N/A       N/A         7
 Dragon's Call            Summ           Unusable   N/A       N/A         9

Dungeon Overview and Level Annotations

Branches:
Dungeon (8/15)             Temple (1/1) D:5            Lair (3/5) D:8
  Swamp (0/4) Lair:2       Spider (0/4) Lair:2        Sewer (visited)

Altars:
Ashenzari
Cheibriados
Dithmenos
Elyvilon
Fedhas
Gozag
Hepliaklqana
Kikubaaqudgha
Makhleb
Nemelex Xobeh
Okawaru
Ru
Sif Muna
Uskayaw
Vehumet
Wu Jian
Xom
Yredelemnul
Zin
The Shining One

Annotations:
Lair:1 3 runed translucent doors, Xaytacwe's ghost, journeyman GnNe


Innate Abilities, Weirdness & Mutations

You have a pair of horns on your head.
You reflexively headbutt those who attack you in melee.
Your flesh is cold resistant. (rC+)


Message History

You closely miss the blink frog.
The blink frog is heavily wounded.
You block the blink frog's attack.
You closely miss the blink frog. Your headbutt misses the blink frog.
The blink frog is heavily wounded.
The blink frog blinks! x2; You block the blink frog's attack.
You block the blink frog's attack. The blink frog completely misses you.
You completely miss the blink frog. Your headbutt misses the blink frog.
The blink frog is heavily wounded.
You slash the blink frog! You closely miss the blink frog.
The blink frog hits you but does no damage.
The blink frog blinks!
You block the blink frog's attack.
The blink frog attacks as it pursues you!
You block the blink frog's attack. x2; The blink frog hits you!
A yak comes into view.
The yak bellows!
You hear a croak.
The yak moves out of view.
A yak comes into view.
The yak bellows!
You slash the blink frog!
You kill the blink frog!
Okawaru accepts your kill.
You miss the blink frog.
The blink frog hits you but does no damage.
The blink frog blinks!
A yak comes into view.
The blink frog hits you but does no damage.
You slash the blink frog!
The blink frog is moderately wounded.
The blink frog blinks!
The blink frog hits you.
The blink frog blinks! x2
You see here a +0 scimitar of flaming.
You slice the blink frog!!
You kill the blink frog!
Okawaru accepts your kill. You block the blink frog's attack.
The blink frog blinks!
The blink frog blinks!
You see here a +0 scimitar of flaming.
A bullfrog comes into view.
The blink frog blinks!
A komodo dragon comes into view.
A yak comes into view.
The yak bellows!
You slash the yak! You headbutt the yak, but do no damage.
The yak is moderately wounded.
The blink frog blinks!
The blink frog blinks!
You gain the combat prowess of a mighty hero.
The bullfrog hits you.
The blink frog blinks!
You barely miss the yak. You barely miss the bullfrog.
The yak snorts and paws the ground.
You block the bullfrog's attack.
The blink frog blinks!
You barely miss the yak. You slash the bullfrog!
The bullfrog barely misses you.
You slash the bullfrog!
You kill the bullfrog!
Okawaru accepts your kill.
You closely miss the yak. You slash the yak!
The yak gores you but does no damage. The yak gores you.
You slash the yak! Your headbutt misses the yak.
The yak is severely wounded.
You slash the yak! You barely miss the yak. You slice the yak!!
You kill the yak!
Okawaru accepts your kill.
You slash the yak! You hit the yak. You block the yak's attack.
The yak gores you.
You slash the yak! You headbutt the yak, but do no damage.
The yak is almost dead.
You slash the yak!
You hit the komodo dragon but do no damage.
The yak gores you. You block the komodo dragon's attack.
A black mamba comes into view.
The black mamba hisses angrily.
You slice the yak!!
You kill the yak!
Okawaru accepts your kill.
You closely miss the yak. You slash the komodo dragon!
You block the yak's attack.
The komodo dragon bites you but does no damage.
You barely miss the yak.
The yak is heavily wounded.
You slash the yak! You hit the komodo dragon. You block the yak's attack.
The yak barely misses you.
The komodo dragon bites you but does no damage.
You slash the yak!
The yak is severely wounded.
You slash the yak! You slash the komodo dragon! You slash the yak!
You kill the yak!
Okawaru accepts your kill.
You slash the yak!
You kill the yak!
Okawaru accepts your kill.
You completely miss the komodo dragon. You closely miss the black mamba.
The black mamba bites you! The komodo dragon bites you!!
You block the black mamba's attack. The blink frog misses you.
You furiously retaliate!
You headbutt the blink frog!
You kill the blink frog!
Okawaru accepts your kill. The komodo dragon bites you!!
You die...

.## #..# .P ...####
.###### ####+.....#
......# #.........#
......#######.........#
......##P##.#.........#
......[.....'....†...#
<.....##.###....†)..#
......#### ##...@..##
......# #..Sl.....#
......# #.........#
......# #.......+.....
.P..### #.#.P..##......
##...# #..##...#..##..
##..# ### ..##.#.. .
#.## #..# ###.. #..


You could see a komodo dragon and a black mamba.

Vanquished Creatures
  A boulder beetle (Lair:1)
  8 death yaks
  A two-headed ogre (D:7)
  Amaemon (D:8)
  A goliath frog (Lair:2)
  2 cyclopes (D:7)
  Joseph (Lair:1)
  A meliai (Lair:2)
  A black mamba (Lair:3)
  5 cane toads
  An orange demon (D:8)
  Maggie (D:7)
  A rime drake (Lair:1)
  4 komodo dragons
  A troll (D:7)
  13 blink frogs
  5 yaks
  A wraith (D:7)
  2 wyverns
  3 steam dragons
  Grum (Lair:1)
  Edmund (D:4)
  5 water moccasins
  2 ice beasts
  A swamp drake (Lair:2)
  3 black bears
  An orc warrior (D:6)
  A sky beast (D:7)
  2 ogres
  2 centaurs
  8 wolves
  A phantom (D:6)
  9 bullfrogs
  2 kobold brigands (D:8)
  2 brain worms (Sewer)
  4 scorpions
  9 wights
  4 killer bees
  2 howler monkeys
  A bombardier beetle (D:7)
  4 hounds
  2 gnoll boudas (D:7)
  3 orc priests (D:7)
  5 jellies
  2 sleepcaps
  Natasha (D:2)
  4 iguanas
  4 orc wizards
  3 hell rats (D:8)
  7 gnolls
  9 adders
  4 river rats
  A white imp (D:5)
  8 dart slugs
  2 ribbon worms
  22 orcs
  3 bats
  13 endoplasms
  2 giant cockroaches
  7 goblins
  4 hobgoblins (D:1)
  3 jackals (D:2)
  18 kobolds
  6 quokkas
  9 ball pythons
  3 frilled lizards
  8 rats
272 creatures vanquished.

Notes
Turn   | Place    | Note
-------+----------+-------------------------------------------
     0 | D:1      | browni3141 the Minotaur Fighter began the quest for the
                  | Orb.
     0 | D:1      | Reached XP level 1. HP: 19/19 MP: 0/0
   282 | D:1      | Reached XP level 2. HP: 27/27 MP: 1/1
   324 | D:1      | Reached skill level 3 in Axes
   706 | D:2      | Reached XP level 3. HP: 33/33 MP: 2/2
  1022 | D:2      | Reached XP level 4. HP: 40/40 MP: 3/3
  1047 | D:2      | Noticed Natasha
  1053 | D:2      | Killed Natasha
  1054 | D:2      | Reached skill level 4 in Axes
  1681 | D:3      | Gained mutation: Your muscles are strong. (Str +4, Int/Dex
                  | -1) [potion of mutation]
  1681 | D:3      | Lost mutation: Your muscles are strong. (Str +4, Int/Dex
                  | -1) [potion of mutation]
  1681 | D:3      | Gained mutation: Your flesh is cold resistant. (rC+)
                  | [potion of mutation]
  2162 | D:3      | Reached XP level 5. HP: 47/47 MP: 4/4
  2171 | D:3      | Found a snail-covered altar of Cheibriados.
  2174 | D:3      | Found a glowing silver altar of Zin.
  2268 | D:3      | Found a sparkling altar of Nemelex Xobeh.
  2418 | D:4      | Found a glowing drain.
  2462 | Sewer    | Entered a sewer
  2498 | Sewer    | Reached skill level 5 in Axes
  2498 | Sewer    | Reached XP level 6. HP: 21/55 MP: 1/5
  2635 | Sewer    | Reached skill level 5 in Fighting
  2635 | Sewer    | Reached skill level 5 in Armour
  2635 | Sewer    | Reached skill level 5 in Shields
  2814 | D:4      | Noticed Edmund
  2827 | D:4      | Killed Edmund
  2920 | D:4      | Found a basalt altar of Yredelemnul.
  3219 | D:4      | Reached skill level 6 in Axes
  3219 | D:4      | Reached XP level 7. HP: 61/61 MP: 6/6
  3406 | D:4      | Found an iron altar of Okawaru.
  3466 | D:4      | Became a worshipper of Warmaster Okawaru
  3482 | D:5      | Entered Level 5 of the Dungeon
  3576 | D:5      | Found a staircase to the Ecumenical Temple.
  3628 | D:5      | Found a glowing golden altar of the Shining One.
  3632 | D:5      | Found a burning altar of Makhleb.
  4007 | D:5      | Reached skill level 7 in Axes
  4020 | D:5      | Found an ancient bone altar of Kikubaaqudgha.
  4227 | D:6      | Reached * piety under Okawaru
  4228 | D:6      | Reached skill level 1 in Invocations
  4280 | D:6      | Reached skill level 1 in Throwing
  4280 | D:6      | Reached XP level 8. HP: 48/70 MP: 5/8
  4439 | D:6      | Identified the +1 trident of the Devouring Queen {drain,
                  | Will+ Int+3}
  4576 | D:6      | Found a shadowy altar of Dithmenos.
  4643 | D:6      | Reached ** piety under Okawaru
  4644 | D:6      | Reached skill level 8 in Axes
  4648 | D:6      | Found a shimmering blue altar of Sif Muna.
  4992 | D:7      | Reached XP level 9. HP: 60/78 MP: 10/10
  5449 | D:7      | Reached *** piety under Okawaru
  5450 | D:7      | Reached skill level 9 in Axes
  5957 | D:7      | Noticed Maggie
  5972 | D:7      | Killed Maggie
  5973 | D:7      | Reached skill level 5 in Invocations
  5994 | D:7      | Noticed a cyclops
  6006 | D:7      | Killed a cyclops
  6006 | D:7      | Reached **** piety under Okawaru
  6020 | D:7      | Reached XP level 10. HP: 71/88 MP: 10/13
  6032 | D:7      | Noticed a two-headed ogre
  6037 | D:7      | Noticed a cyclops
  6038 | D:7      | Reached skill level 10 in Axes
  6045 | D:7      | Killed a two-headed ogre
  6052 | D:7      | Killed a cyclops
  6244 | D:8      | Found a staircase to the Lair.
  6244 | D:8      | Noticed a death yak
  6245 | D:8      | Noticed a death yak
  6246 | D:8      | Noticed a death yak
  6259 | D:8      | Killed a death yak
  6259 | D:8      | Reached ***** piety under Okawaru
  6261 | D:8      | Killed a death yak
  6274 | D:8      | Killed a death yak
  6275 | D:8      | Reached skill level 11 in Axes
  6275 | D:8      | Reached skill level 5 in Throwing
  6346 | D:8      | Noticed Amaemon
  6347 | D:8      | Noticed an orange demon
  6357 | D:8      | Killed Amaemon
  6358 | D:8      | Reached XP level 11. HP: 62/95 MP: 13/15
  6631 | D:8      | Found a hazy altar of Hepliaklqana.
  7120 | Temple   | Entered the Ecumenical Temple
  7190 | Lair:1   | Entered Level 1 of the Lair of Beasts
  7194 | Lair:1   | Received a gift from Okawaru
  7256 | Lair:1   | Noticed Grum
  7268 | Lair:1   | Killed Grum
  7302 | Lair:1   | Noticed a boulder beetle
  7331 | Lair:1   | Killed a boulder beetle
  7489 | Lair:1   | Noticed Xaytacwe's ghost (journeyman GnNe)
  7492 | Lair:1   | Noticed a minotaur
  7509 | Lair:1   | Found a runed translucent gate.
  7509 | Lair:1   | Found a runed translucent gate.
  7509 | Lair:1   | Found a runed translucent gate.
  7553 | Lair:1   | Noticed a death yak
  7553 | Lair:1   | Noticed a death yak
  7553 | Lair:1   | Noticed a death yak
  7553 | Lair:1   | Noticed a death yak
  7554 | Lair:1   | Noticed a death yak
  7573 | Lair:1   | Killed a death yak
  7574 | Lair:1   | Reached skill level 12 in Axes
  7580 | Lair:1   | Killed a death yak
  7592 | Lair:1   | Killed a death yak
  7592 | Lair:1   | Received a gift from Okawaru
  7602 | Lair:1   | Killed a death yak
  7609 | Lair:1   | Killed a death yak
  7840 | Lair:1   | Reached XP level 12. HP: 40/106 MP: 17/17
  8045 | Lair:1   | Noticed Joseph
  8057 | Lair:1   | Killed Joseph
  8058 | Lair:1   | Reached skill level 13 in Axes
  8482 | Lair:2   | Reached skill level 10 in Fighting
  8482 | Lair:2   | Received a gift from Okawaru
  8563 | Lair:2   | Found a hole to the Spider Nest.
  8578 | Lair:2   | Reached skill level 10 in Armour
  8779 | Lair:2   | Reached skill level 10 in Shields
  8853 | Lair:2   | Found a staircase to the Swamp.
  9230 | Lair:3   | Slain by a komodo dragon

Illustrated notes

Levels and vault maps discovered:
D:1:      dpeg_arrival_refuge, layout_loops_ring
D:2:      layout_loops_corners, uniq_natasha
D:3:      layout_basic, mainiacjoe_overflow_alcove_4, nicolae_overflow_squiral,
          fountainhead, uniq_sigmund
D:4:      nicolae_BIG_FREAKIN_CUBE, layout_cave_pools, okawaru_trees_2,
          mainiacjoe_overflow_surrounded_room, portal_sewer_entry_a,
          chequers_serial_rivers_large_b, uniq_edmund
D:5:      kennysheep_slugbush, layout_loops_cross, lemuel_doored_altar,
          mainiacjoe_overflow_six_doors_small, makhleb_heckhound_becter,
          minmay_temple_entry_grid, grunt_decor_one_mirror,
          serial_library_hellmonk_narrow_alcove
D:6:      layout_cave_pools, grunt_dithmenos_shadows, kennysheep_orc_sif_temple
D:7:      nzn_winding_woodlands_medium [nzn_winding_woodlands_hourglass,
          nzn_winding_woodlands_5x15_concentric,
          nzn_winding_woodlands_5x5_closed_star,
          nzn_winding_woodlands_5x5_perimeter,
          nzn_winding_woodlands_center_pierced_h,
          nzn_winding_woodlands_5x5_checkerboard,
          nzn_winding_woodlands_5x5_default, nzn_winding_woodlands_5x15_default,
          nzn_winding_woodlands_5x5_default], layout_loops_corners,
          hangedman_abyss_or_decor_lesser_grid, uniq_maggie
D:8:      layout_basic, kennysheep_little_box, dpeg_lair_monsters, uniq_amaemon
Temple:   dpeg_three_leaves_temple
Lair:1:   layout_chaotic_city, maelrawn_ghost_gauntlet_escape,
          lemuel_fruit_tree, uniq_grum, uniq_joseph
Lair:2:   layout_chaotic_city, mainiacjoe_swamp_entry_lozenge_pond,
          hellmonk_spider_entry_not_the_bees, minmay_lindwurm_lava,
          serial_bayou_shore_b
Lair:3:   layout_roguey, forest_entry_grove, grunt_megastairs_2, uniq_gastronok

Skill      XL: |  1  2  3  4  5  6  7  8  9 10 11 12 |
---------------+-------------------------------------+-----
Axes           | 3 4 5 6 7 8 9 11 12 13 | 13.9
Fighting       | 4 5 6 7 8 9 10 | 10.5
Armour         | 4 5 6 7 8 9 10 | 10.4
Shields        | 4 5 6 7 8 9 10 | 10.4
Invocations    | 1 3 5 7 8 |  8.0
Throwing       | 1 2 3 5 6 7 |  7.2

Action                     |  1- 3 |  4- 6 |  7- 9 | 10-12 || total
---------------------------+-------+-------+-------+-------++-------
  Melee: War axe           |    72 |   119 |   299 |   133 ||   623
         Headbutt          |     6 |    14 |    64 |    80 ||   164
         Broad axe         |       |       |       |   264 ||   264
  Throw: Javelin           |       |       |       |     8 ||     8
 Invoke: Heroism           |       |       |     2 |     9 ||    11
    Use: Scroll            |       |     6 |     4 |     8 ||    18
         Potion            |       |     1 |       |     1 ||     2
 Armour: Scale mail        |    45 |    89 |    65 |       ||   199
         Plate armour      |       |       |   141 |   299 ||   440
  Dodge: Dodged            |    41 |    49 |    87 |    97 ||   274
  Block: Buckler           |    14 |    15 |       |       ||    29
         Kite shield       |       |    31 |   129 |   230 ||   390
